 Dungeon Crawl Stone Soup version 0.30.1-4-g462c640d31 (webtiles) character file.

Game seed: 14789219990218691265

4871 Zeor the Basher (level 10, -12/61 HPs)
             Began as a Gargoyle Berserker on Sept 11, 2023.
             Was an Elder of Trog.
             Mangled by a komodo dragon (14 damage)
             ... on level 10 of the Dungeon.
             The game lasted 00:20:32 (6976 turns).

Zeor the Basher (Gargoyle Berserker)                Turns: 6976, Time: 00:20:33

Health: -12/61     AC: 20    Str: 30    XL:     10   Next: 50%
Magic:  10/10      EV: 10    Int:  9    God:    Trog [****..]
Gold:   474        SH:  5    Dex:  9    Spells: 9/9 levels left

rFire   . . .        a - +1 flail
rCold   . . .        (no shield)
rNeg    + . .        e - +0 chain mail
rPois   ∞            (no helmet)
rElec   +            (no cloak)
rCorr   .            m - +0 pair of gloves
SInv    .            y - +0 pair of boots
Will    +....        x - amulet of reflection Stlth
                     c - +6 ring of strength
HPRegen 0.30/turn    q - ring of willpower
MPRegen 0.12/turn

%: reflection
@: no status effects
A: sickness immunity, AC +7, negative energy resistance 1, electricity
resistance, torment resistance 1, petrification resistance
a: Renounce Religion, Berserk, Trog's Hand, Brothers in Arms


You were on level 10 of the Dungeon.
You worshipped Trog.
Trog was greatly pleased with you.
You visited 2 branches of the dungeon, and saw 11 of its levels.
You also visited: Sewer.

You collected 474 gold pieces.

Inventory:

Hand Weapons
 a - a +1 flail (weapon)
 l - a +1 whip of freezing
 r - the +4 dagger of Hard Scrabble {speed, rN+ Int+3}
   (You took it off an orc on level 5 of the Dungeon)

   Int:       It affects your intelligence (+3).
   rN:        It protects you from negative energy.
Missiles
 p - 10 poisoned darts (quivered)
 E - a curare-tipped dart
Armour
 e - a +0 chain mail (worn)
 m - a +0 pair of gloves (worn)
 y - a +0 pair of boots (worn)
Jewellery
 c - a +6 ring of strength (left hand)
 i - a ring of see invisible
 q - a ring of willpower (right hand)
 s - a ring of resist corrosion
 x - an amulet of reflection (around neck)
 C - an amulet of magic regeneration
 F - a ring of magical power
Wands
 n - a wand of iceblast (11)
 z - a wand of quicksilver (6)
Scrolls
 g - 2 scrolls of immolation
 v - 2 scrolls of vulnerability
 B - a scroll of enchant weapon
Potions
 b - 4 potions of curing
 d - 2 potions of might {unknown}
 f - 3 potions of mutation {unknown}
 h - 2 potions of heal wounds
 j - a potion of degeneration {unknown}
 k - a potion of resistance {unknown}
 o - 3 potions of flight
 t - 2 potions of lignification {unknown}
 u - 2 potions of berserk rage {unknown}
 w - a potion of ambrosia {unknown}
 A - a potion of attraction {unknown}
 D - a potion of cancellation {unknown}


   Skills:
 + Level 6.5 Fighting
 * Level 12.6 Maces & Flails
 + Level 0.1 Throwing
 + Level 7.2 Armour
 + Level 2.7 Dodging
 - Level 1.2 Stealth
 + Level 0.8 Shields


You had 9 spell levels left.
You didn't know any spells.
Your spell library was empty.

Dungeon Overview and Level Annotations

Branches:
Dungeon (11/15)            Temple (1/1) D:7           Sewer (visited)
   Lair: D:8-11         Orc: D:9-12

Altars:
Elyvilon
Fedhas
Kikubaaqudgha
Nemelex Xobeh
Qazlal
Sif Muna
Uskayaw
Yredelemnul

Shops:
D:4 :

Annotations:
D:4 3 runed translucent doors, GrumpyGrim72's ghost, amateur DrCj
D:5 1 runed translucent door, Crazy Yiuf


Innate Abilities, Weirdness & Mutations

You are immune to sickness and miasma.
Your stone body is resilient. (AC +7)
You are immune to poison.
You resist negative energy. (rN+)
You are resistant to electric shocks. (rElec)
You are resistant to unholy torment.
You are immune to petrification.


Message History

You feel much better.
The killer bee stings you but does no damage. x2
The skeletal warrior hits you but does no damage.
The komodo dragon bites you but does no damage.
The killer bee barely misses you. x2
You fail to use your ability.
The killer bee stings you but does no damage.
You block the killer bee's attack.
The skeletal warrior hits you from afar with a +1 vampiric glaive!
The komodo dragon bites you! The killer bee stings you.
The killer bee stings you but does no damage.
You fail to use your ability.
The killer bee barely misses you.
The killer bee stings you but does no damage.
The skeletal warrior hits you from afar with a +1 vampiric glaive!!
* * * LOW HITPOINT WARNING * * *
The komodo dragon bites you but does no damage.
You block the killer bee's attack. The killer bee barely misses you.
Unknown command.
Enter note: hahaha fuck you too then The killer bee stings you.
* * * LOW HITPOINT WARNING * * *
The killer bee stings you but does no damage.
You block the skeletal warrior's attack.
The komodo dragon bites you.
* * * LOW HITPOINT WARNING * * *
The killer bee stings you but does no damage.
Unknown command.
You block the killer bee's attack.
The skeletal warrior hits you but does no damage.
The komodo dragon bites you but does no damage.
The killer bee stings you.
* * * LOW HITPOINT WARNING * * *
The killer bee stings you but does no damage.
Unknown command.
You block the killer bee's attack. The killer bee stings you.
* * * LOW HITPOINT WARNING * * *
The skeletal warrior closely misses you.
You block the skeletal warrior's attack.
The komodo dragon bites you!
You die...

▒∙▒∙▒▒▒∙▒
▒$▒∙▒ ▒z▒
▒▒▒∙▒∙▒ ▒∙▒
▒∙∙∙∙∙▒ ▒∙▒
▒∙∙∙∙∙▒▒▒∙▒
▒∙∙∙∙∙∙∙z∙▒
▒∙∙∙z▒▒▒▒▒▒▒


▒∙ylzyy∙∙∙∙∙ ▒∙∙9y▒▒▒▒▒▒▒ ▒∙∙∙∙▒ ▒∙∙∙∙▒ ▒▒▒▒▒▒ You could see 2 skeletal
warriors, a komodo dragon and 4 killer bees.

Vanquished Creatures
  Pikel (D:4)
  Prince Ribbit (D:5)
  A hornet (D:7)
  A shadow (D:11)
  Sigmund (D:4)
  5 yaks (D:11)
  Eustachio (D:4)
  A wraith (D:11)
  A vampire (D:5)
  Menkaure (D:5)
  A water moccasin (D:6)
  A black bear (D:6)
  A sky beast (D:7)
  An ogre (D:4)
  A centaur (D:5)
  2 kobold brigands
  3 bullfrogs
  4 scorpions
  11 wights (D:6)
  A howler monkey (D:7)
  4 hounds
  A gnoll bouda (D:8)
  2 jellies (D:6)
  5 orc priests
  2 iguanas
  3 orc wizards (D:8)
  Natasha (thrice) (D:4)
  9 gnolls
  3 river rats (Sewer)
  4 adders
  A shadow imp (D:7)
  2 white imps
  An ufetubus (D:7)
  4 worms
  2 dart slugs
  29 orcs
  2 bats
  9 endoplasms
  3 giant cockroaches
  6 goblins
  6 hobgoblins
  15 kobolds
  3 quokkas (D:1)
  9 ball pythons
  4 frilled lizards
  12 rats
184 creatures vanquished.

Vanquished Creatures (collateral kills)
  A howler monkey (D:7)
1 creature vanquished.

Grand Total: 185 creatures vanquished

Notes
Turn   | Place    | Note
-------+----------+-------------------------------------------
     0 | D:1      | Zeor the Gargoyle Berserker began the quest for the Orb.
     0 | D:1      | Reached XP level 1. HP: 14/14 MP: 1/1
   108 | D:1      | Reached XP level 2. HP: 19/19 MP: 2/2
   414 | D:1      | Reached XP level 3. HP: 17/23 MP: 3/3
   423 | D:1      | Reached skill level 4 in Maces & Flails
   797 | D:1      | Reached ** piety under Trog
  1078 | D:2      | Found a faded altar of an unknown god.
  1740 | D:2      | Reached XP level 4. HP: 28/28 MP: 4/4
  2296 | D:3      | Reached skill level 5 in Maces & Flails
  2500 | D:3      | Reached XP level 5. HP: 32/32 MP: 5/5
  2590 | D:4      | Noticed Eustachio
  2612 | D:4      | Killed Eustachio
  2613 | D:4      | Reached XP level 6. HP: 21/38 MP: 6/6
  2721 | D:4      | Noticed Sigmund
  2730 | D:4      | Killed Sigmund
  2731 | D:4      | Reached skill level 6 in Maces & Flails
  2785 | D:4      | Reached XP level 7. HP: 43/43 MP: 7/7
  2844 | D:4      | Found a runed translucent gate.
  2844 | D:4      | Noticed GrumpyGrim72's ghost (amateur DrCj)
  2845 | D:4      | Found a runed translucent gate.
  2847 | D:4      | Found a runed translucent gate.
  2867 | D:4      | Identified the +10 short sword of Eternal Vigilance {elec,
                  | rN+ rCorr Str-5 Int+4}
  2867 | D:4      | Identified the +4 ring mail of Jigsaw {rF++}
  2910 | D:4      | Found Zamm's Self-Improvement Boutique.
  2910 | D:4      | Noticed Pikel
  2934 | D:4      | Killed Pikel
  2935 | D:4      | Reached skill level 8 in Maces & Flails
  2935 | D:4      | Reached skill level 1 in Stealth
  2935 | D:4      | Reached XP level 8. HP: 48/48 MP: 8/8
  3027 | D:4      | Noticed Natasha
  3043 | D:4      | Killed Natasha
  3090 | D:4      | Noticed Natasha
  3093 | D:4      | Killed Natasha
  3164 | D:4      | Noticed Natasha
  3174 | D:4      | Killed Natasha
  3264 | D:4      | Reached skill level 5 in Armour
  3401 | D:5      | Entered Level 5 of the Dungeon
  3433 | D:5      | Found a glowing drain.
  3474 | Sewer    | Entered a sewer
  3602 | Sewer    | Found a white marble altar of Elyvilon.
  3754 | D:5      | Reached skill level 9 in Maces & Flails
  3755 | D:5      | Reached *** piety under Trog
  3836 | D:5      | Noticed Prince Ribbit
  3846 | D:5      | Killed Prince Ribbit
  3847 | D:5      | Reached skill level 5 in Fighting
  3898 | D:5      | Identified the +4 dagger of Hard Scrabble {speed, rN+
                  | Int+3}
  3916 | D:5      | Reached XP level 9. HP: 54/54 MP: 9/9
  4096 | D:5      | Noticed Menkaure
  4109 | D:5      | Killed Menkaure
  4110 | D:5      | Reached skill level 10 in Maces & Flails
  4409 | D:5      | Found a runed translucent door.
  4410 | D:5      | Noticed Crazy Yiuf
  4470 | D:5      | Found a white marble altar of Elyvilon.
  5008 | D:6      | Reached skill level 11 in Maces & Flails
  5696 | D:7      | Found a sparkling altar of Nemelex Xobeh.
  5698 | D:7      | Found a blossoming altar of Fedhas.
  5719 | D:7      | Found a staircase to the Ecumenical Temple.
  5724 | D:7      | Noticed a hornet
  5732 | D:7      | Killed a hornet
  5733 | D:7      | Reached XP level 10. HP: 60/60 MP: 10/10
  5737 | D:7      | Reached **** piety under Trog
  5767 | Temple   | Entered the Ecumenical Temple
  6538 | D:8      | Reached skill level 12 in Maces & Flails
  6731 | D:8      | You fall into a shaft and drop 3 floors!
  6955 | D:10     | Entered Level 10 of the Dungeon
  6956 | D:10     | Noticed a skeletal warrior
  6958 | D:10     | Noticed a skeletal warrior
  6969 | D:10     | guess i'll die
  6974 | D:10     | hahaha fuck you too then
  6975 | D:10     | HP: 3/61 [killer bee (3)]
  6976 | D:10     | Mangled by a komodo dragon

Illustrated notes

▒∙∙∙∙∙∙z▒
▒∙▒∙▒▒▒∙▒
▒$▒∙▒ ▒z▒
▒▒▒∙▒∙▒ ▒∙▒
▒∙∙∙∙∙▒ ▒∙▒
▒∙∙∙∙∙▒▒▒∙▒
▒∙∙∙∙∙∙∙z∙▒
▒∙∙∙l▒▒▒▒▒▒▒
▒∙∙∙9yy∙y∙y∙
▒∙∙∙∙▒▒▒▒▒▒▒
▒∙∙∙∙▒
▒∙∙∙∙▒
▒▒▒▒▒▒


Turn 6969 on D:10: guess i'll die ▒∙▒∙▒▒▒∙▒ ▒$▒∙▒ ▒z▒ ▒▒▒∙▒∙▒ ▒∙▒ ▒∙∙∙∙∙▒ ▒∙▒
▒∙∙∙∙∙▒▒▒∙▒ ▒∙∙∙∙∙∙∙z∙▒ ▒∙∙zz▒▒▒▒▒▒▒ ▒∙∙lyyy∙∙∙∙∙ ▒∙∙9y▒▒▒▒▒▒▒ ▒∙∙∙∙▒ ▒∙∙∙∙▒
▒▒▒▒▒▒ Turn 6974 on D:10: hahaha fuck you too then

Levels and vault maps discovered:
D:1:      roderic_crop_circles_arrival_small, layout_loops_cross, st_stairs_11,
          minmay_misc_feat_doors
D:2:      layout_basic, nicolae_ecumenical_pavilion
D:3:      layout_basic, serial_co_window_serial, co_window_corner_a,
          co_window_corner_a, co_window_corner_a, co_window_corner_a,
          co_window_paths_a, co_window_paths_c, co_window_2corner,
          co_window_corner_ca, co_window_corner_ca
D:4:      layout_rooms, biasface_ghost_orc_armoury, kennysheep_another_room,
          nicolae_shop_self_help, uniq_pikel, uniq_sigmund, uniq_eustachio,
          uniq_natasha
D:5:      layout_rooms, kennysheep_little_box, cheibrodos_sewer_entry_bend,
          uniq_menkaure, uniq_prince_ribbit1, uniq_crazy_yiuf_cottage
D:6:      layout_loops_ring, hex_large
D:7:      layout_loops_ring, nicolae_overflow_hidden_temple,
          minmay_temple_entry_large_hall
D:8:      layout_basic
D:10:     layout_basic, hangedman_ru_absence, nicolae_hepliaklqana_hazy_memory,
          kennysheep_kite_vault
D:11:     layout_long_grid, due_lair_maze_entry_diamond, gammafunk_ghost_split,
          small_statue_alley_a
Temple:   cyrus_circular_temple

Skill      XL: |  1  2  3  4  5  6  7  8  9 10 |
---------------+-------------------------------+-----
Maces & Flails | 4 5 6 8 9 11 12 | 12.6
Armour         | 3 4 5 6 7 |  7.2
Fighting       | 4 5 6 |  6.5
Dodging        | 2 |  2.7
Stealth        | 1 |  1.2
Throwing       | |  0.1
Shields        | |  0.8

Action                     |  1- 3 |  4- 6 |  7- 9 | 10-12 || total
---------------------------+-------+-------+-------+-------++-------
  Melee: Mace              |   142 |     2 |       |       ||   144
         Flail             |       |    62 |   321 |   142 ||   525
         Punch             |       |     1 |     7 |     2 ||    10
         Whip              |       |       |    32 |       ||    32
  Throw: Dart              |       |       |     1 |       ||     1
 Invoke: Berserk           |       |     4 |     7 |     2 ||    13
    Use: Scroll            |     1 |     6 |     3 |     1 ||    11
         Potion            |       |       |     1 |     2 ||     3
   Stab: Sleeping          |     2 |       |       |       ||     2
 Armour: Animal skin       |    13 |       |       |       ||    13
         Chain mail        |    64 |    50 |   192 |    52 ||   358
  Dodge: Dodged            |    56 |    52 |   162 |    43 ||   313
  Block: Other             |       |       |     5 |    20 ||    25
